 Dungeon Crawl Stone Soup version 0.19.0-19-g8c6edcc (webtiles) character file.

79 Rrauwl the Ruffian (level 4, -1/38 HPs)
             Began as a Draconian Monk on Nov 13, 2016.
             Slain by Grinder (5 damage)
             ... while paralysed by Grinder
             ... on level 3 of the Dungeon.
             The game lasted 00:14:42 (1793 turns).

Rrauwl the Ruffian (Draconian Monk)                 Turns: 1793, Time: 00:14:43

Health: -1/38      AC:  5    Str: 14    XL:     4   Next: 16%
Magic:  5/5        EV:  2    Int: 11    God:
Gold:   87         SH:  0    Dex: 15    Spells: 1 memorised, 4 levels left

rFire  . . .     SeeInvis .       - Unarmed
rCold  . . .     Gourm    .     (armour unavailable)
rNeg   . . .     Faith    .     (no shield)
rPois  .         Spirit   .     (helmet restricted)
rElec  .         Reflect  .     (no cloak)
rCorr  .         Harm     .     (no gloves)
MR     .....                    (no boots)
Stlth  ++........               (no amulet)
                                (no ring)
                                (no ring)

@: paralysed
A: unfitting armour, agile 1, cold-blooded, AC +5
a: no special abilities


You were on level 3 of the Dungeon.
You were not hungry.

You visited 1 branch of the dungeon, and saw 3 of its levels.

You collected 87 gold pieces.

Inventory:

Missiles
 d - 31 arrows
 f - 58 stones (quivered)
Scrolls
 i - 2 scrolls of teleportation
 j - 2 scrolls of amnesia
 n - a scroll of remove curse
Potions
 c - a potion of heal wounds
 g - a potion of lignification
Books
 h - a book of Minor Magic

   Spells                             Type                      Level
   a - Magic Dart                     Conjuration                  1
   b - Blink                          Translocation                2
   c - Call Imp                       Summoning                    2
   d - Repel Missiles                 Charms/Air                   2
   e - Slow                           Hexes                        2
   f - Conjure Flame                  Conjuration/Fire             3
   g - Mephitic Cloud                 Conjuration/Poison/Air       3
Comestibles
 a - 2 bread rations
 m - a meat ration


   Skills:
 + Level 3.5 Fighting
 + Level 3.1 Dodging
 - Level 2.1 Stealth
 + Level 3.9 Unarmed Combat
 * Level 1.0 Spellcasting
 * Level 0.8 Conjurations


You had 4 spell levels left.
You knew the following spells:

 Your Spells              Type           Power        Failure   Level  Hunger
a - Magic Dart            Conj           #...         24%         1    ##.....


Dungeon Overview and Level Annotations

Branches:
Dungeon (3/15)

Altars:
Elyvilon

Annotations:
D:3 Grinder


Innate Abilities, Weirdness & Mutations

Your plain brown scales are hard. (AC +5)
You cannot fit into any form of body armour.
You are cold-blooded and may be slowed by cold attacks.
You are agile. (Dex +2)


Message History

Grinder is lightly wounded.
Grinder hits you!
You writhe in agony.
You hit Grinder.
You tail-slap Grinder, but do no damage.
Grinder is moderately wounded.
Grinder closely misses you.
You hit Grinder.
Grinder is moderately wounded.
Grinder completely misses you.
You hit Grinder.
Grinder is moderately wounded.
Grinder gestures at you.
You suddenly lose the ability to move!
Grinder hits you but does no damage. Grinder hits you.
* * * LOW HITPOINT WARNING * * *
Grinder hits you!
* * * LOW HITPOINT WARNING * * *
You writhe in agony.
You die...

######......####
#<[.............
########.....###
#.....#
.########.....##
...............#
###........###.#
#...$....# .#
#....@...# #
#.....5..#
#........#
#........#
#........#
##########


You could see Grinder.

Vanquished Creatures
  Natasha (D:2)
  2 adders (D:2)
  A worm (D:2)
  2 dart slugs (D:2)
  2 leopard geckos
  4 giant cockroaches
  4 hobgoblins
  A kobold (D:2)
  5 bats
  2 frilled lizards
  2 goblins (D:1)
  2 rats (D:1)
28 creatures vanquished.

Vanquished Creatures (others)
  A quokka (D:2)
1 creature vanquished.

Grand Total: 29 creatures vanquished

Notes
Turn   | Place    | Note
-------+----------+-------------------------------------------
     0 | D:1      | Rrauwl the Draconian Monk began the quest for the Orb.
     0 | D:1      | Reached XP level 1. HP: 19/19 MP: 1/1
   506 | D:1      | Reached XP level 2. HP: 24/26 MP: 2/2
  1072 | D:2      | Learned a level 1 spell: Magic Dart
  1332 | D:2      | Found a white marble altar of Elyvilon.
  1348 | D:2      | Reached XP level 3. HP: 13/31 MP: 3/3
  1397 | D:2      | Noticed Natasha
  1404 | D:2      | Gained mutation: You are agile. (Dex +2) [potion of beneficial mutation]
  1414 | D:2      | Killed Natasha
  1414 | D:2      | Reached skill level 1 in Spellcasting
  1645 | D:2      | Reached XP level 4. HP: 34/38 MP: 5/5
  1778 | D:3      | Noticed Grinder
  1790 | D:3      | Paralysed by Grinder for 6 turns
  1793 | D:3      | Slain by Grinder

Skill      XL: |  1  2  3 |
---------------+----------+-----
Stealth        | 2 |  2.1
Dodging        | 3 |  3.1
Spellcasting   | 1 |  1.0
Fighting       | |  3.5
Unarmed Combat | |  3.9
Conjurations   | |  0.8

Action                   |  1- 3 |  4- 6 || total
-------------------------+-------+-------++-------
Melee: Unarmed           |   125 |    15 ||   140
       Tailslap          |    17 |     2 ||    19
       Punch             |     1 |       ||     1
 Cast: Magic Dart        |     2 |       ||     2
  Use: Potion            |     8 |       ||     8
       Scroll            |     9 |       ||     9
 Stab: Sleeping          |     5 |     1 ||     6
       Invisible         |     1 |       ||     1
  Eat: Chunk             |     2 |       ||     2
       Pizza             |       |     1 ||     1
Armor: Skin              |    26 |     6 ||    32
Dodge: Dodged            |    55 |     8 ||    63
